Map: [ESL] Glittering Ashes

Players

Ryung - Winner!

  • Race: Terran Terran

SpeCial

  • Race: Terran Terran

Event: IEM Katowice 2022

VOD

Have the link to the VOD?

Description

Time

  • Played on: Feb. 24, 2022, 10:53 a.m.
  • Length: 18:42

All games in this series

Show
View Real Time Build Order
Export as new Build Order

Ryung Terran - Winner!

Build Orders:  

Get SALT Encoding   

  12  0:00  SCV  
  13  0:12  SCV  
  14  0:16  Supply Depot  
  14  0:24  SCV  
  15  0:38  SCV  
  15  0:39  Barracks  
  16  0:43  Refinery  
  16  0:50  SCV  
  16  0:52  Refinery  
  17  1:02  SCV  
  18  1:14  SCV  
  19  1:26  Reaper, Orbital Command  
  19  1:32  Supply Depot  
  20  1:41  Factory  
  20  1:52  SCV  
  21  1:58  Barracks Reactor  
  21  2:04  SCV  
  22  2:16  SCV  
  22  2:20  Command Center  
  23  2:27  Hellion  
  23  2:28  SCV  
  26  2:34  Reaper  
  26  2:35  Reaper  
  28  2:40  Supply Depot  
  28  2:42  SCV  
  29  2:48  Hellion  
  31  2:59  Starport  
  31  3:01  SCV  
  32  3:07  Reaper x2  
  32  3:11  Hellion  
  36  3:13  SCV  
  37  3:26  SCV  
  38  3:32  Factory Tech Lab, Refinery  
  38  3:33  Orbital Command  
  38  3:36  Starport Tech Lab  
  38  3:38  SCV, Marine  
  38  3:39  Marine  
  41  3:50  Cyclone  
  41  3:51  SCV  
  45  3:56  Marine  
  45  3:57  Marine  
  45  4:00  SCV  
  48  4:09  Raven  
  48  4:12  SCV x2  
  48  4:20  Marine x2  
  48  4:23  Siege Tank  
  51  4:24  SCV  
  51  4:25  SCV  
  51  4:26  Supply Depot  
  53  4:37  SCV  
  54  4:40  Supply Depot  
  54  4:48  SCV  
  54  4:49  SCV  
  56  4:53  Raven, Command Center  
  58  5:00  SCV  
  58  5:01  SCV  
  58  5:02  Siege Tank  
  58  5:03  Refinery  
  58  5:05  Marine  
  58  5:06  Marine  
  65  5:12  SCV  
  65  5:14  Supply Depot, SCV  
  67  5:20  Supply Depot  
  67  5:24  SCV  
  67  5:26  SCV  
  69  5:34  Siege Tank  
  70  5:38  SCV x2  
  72  5:46  Viking  
  72  5:48  Marine  
  77  5:50  SCV x2  
  77  5:52  Stimpack  
  77  5:56  Viking  
  79  6:02  SCV x2  
  80  6:06  Orbital Command  
  80  6:08  Siege Tank  
  81  6:14  SCV x2  
  83  6:22  Engineering Bay  
  83  6:23  Engineering Bay  
  83  6:24  Barracks  
  83  6:26  Barracks  
  83  6:30  Starport Reactor  
  83  6:31  SCV x2  
  85  6:34  Marine  
  85  6:37  Orbital Command  
  86  6:42  Siege Tank  
  86  6:44  SCV x2  
  88  6:54  Terran Infantry Weapons Level 1  
  88  6:56  SCV x2  
  90  7:07  Viking x2  
  94  7:09  SCV x2, Marine  
  94  7:10  SCV  
  94  7:14  Barracks Reactor, Barracks Tech Lab  
  98  7:18  Supply Depot  
  98  7:20  Supply Depot  
  98  7:21  SCV x2  
  100  7:28  SCV  
  100  7:29  Supply Depot  
  101  7:33  SCV  
  101  7:36  Terran Infantry Armor Level 1  
  101  7:40  SCV, Siege Tank, Viking x2, Combat Shield  
  109  7:46  Refinery  
  109  7:47  Supply Depot, SCV, Refinery  
  109  7:48  Supply Depot, SCV  
  109  7:51  Concussive Shells  
  111  8:00  Marine x2, Marauder x2  
  117  8:11  Viking  
  117  8:12  Viking  
  121  8:17  Barracks, Command Center  
  121  8:20  Barracks  
  121  8:23  Siege Tank  
  121  8:25  Marauder x2  
  124  8:29  Marine x2  
  124  8:31  SCV  
  124  8:33  SCV, Armory  
  129  8:34  SCV  
  129  8:43  Supply Depot  
  129  8:45  Supply Depot, Medivac  
  129  8:47  Medivac, Sensor Tower  
  133  8:54  SCV x3  
  136  8:55  Marine x2  
  136  8:56  Marauder  
  140  9:05  Marauder  
  140  9:06  SCV x3, Siege Tank  
  140  9:09  Barracks Reactor  
  148  9:10  Barracks Tech Lab  
  148  9:15  Medivac  
  150  9:17  Medivac  
  150  9:20  Marine x2, Marauder  
  150  9:23  Terran Infantry Weapons Level 2  
  156  9:29  Marauder  
  156  9:30  Supply Depot  
  156  9:31  Orbital Command  
  158  9:32  Supply Depot x2  
  158  9:33  Supply Depot  
  158  9:52  Marine x3  
  166  9:53  Terran Infantry Armor Level 2  
  166  9:55  Terran Ship Weapons Level 1  
  167  10:03  Siege Tank  
  168  10:07  Marine  
  168  10:09  Marine  
  168  10:10  Marine x2, Factory  
  168  10:13  Medivac x2  
  171  10:15  Barracks Reactor, Refinery x2  
  171  10:28  Command Center  
  171  10:34  Marine x6  
  165  10:38  Siege Tank  
  156  10:50  Marine  
  156  10:52  Marine x6  
  156  10:53  Marine  
  161  11:02  SCV x3  
  162  11:05  Siege Tank  
  162  11:10  Marine x6, Siege Tank  
  173  11:14  Barracks  
  173  11:17  Barracks x2  
  164  11:25  Barracks Reactor  
  163  11:27  Marine  
  163  11:28  Marine x5  
  163  11:29  SCV x2, Starport  
  163  11:30  SCV  
  163  11:31  Starport  
  163  11:32  SCV  
  173  11:37  Siege Tank  
  176  11:41  SCV  
  176  11:42  Terran Infantry Weapons Level 3  
  176  11:45  Marine  
  176  11:46  Marine x3  
  179  11:51  Marine x2  
  165  11:56  Siege Tank  
  165  12:00  Marine  
  165  12:01  Marine x2  
  170  12:03  Marine x3  
  170  12:04  Marine  
  173  12:09  Marine x4, Siege Tank  
  161  12:18  Marine  
  161  12:19  Marine x2  
  161  12:21  Marine x4  
  161  12:22  Terran Infantry Armor Level 3  
  146  12:23  SCV  
  146  12:27  Marine x4  
  146  12:28  Siege Tank  
  145  12:36  Marine x3  
  142  12:39  Orbital Command, Marine x4  
  142  12:41  Siege Tank  
  142  12:42  SCV x3  
  141  12:44  Marine  
  141  12:45  Marine x3  
  141  12:51  Planetary Fortress  
  129  12:54  SCV x3, Marine x3  
  129  12:56  Starport Tech Lab x2  
  129  12:57  Marine x4  
  139  13:00  Siege Tank  
  139  13:02  Marine x2  
  139  13:03  Marine x2  
  146  13:06  SCV x3  
  146  13:11  Terran Vehicle Weapons Level 1, Sensor Tower  
  149  13:13  Armory  
  149  13:17  Siege Tank  
  152  13:24  Missile Turret, Marine x2  
  153  13:27  Raven  
  153  13:29  SCV x3  
  153  13:32  SCV x2  
  153  13:33  Marine x3  
  162  13:34  Marine x3  
  162  13:35  Marine  
  162  13:36  Marine  
  162  13:37  Marine  
  162  13:41  SCV x3  
  166  13:42  Marine  
  166  13:44  SCV, Marine  
  169  13:48  SCV  
  169  13:50  Marine  
  169  13:51  Marine x2  
  169  13:52  Marine x2  
  169  13:53  SCV x2  
  177  13:57  Siege Tank x2  
  177  14:01  Raven  
  185  14:09  Command Center  
  185  14:11  Marine x3  
  185  14:12  Raven  
  185  14:15  Marine x6  
  193  14:29  Marine x4, Siege Tank  
  193  14:30  Marine  
  191  14:33  Marine x5  
  191  14:36  Marine  
  197  14:39  Viking  
  199  14:46  Marine  
  199  14:48  Terran Vehicle And Ship Armor Level 1  
  200  14:55  Command Center  
  200  15:21  Neosteel Armor, Hi-Sec Auto Tracking  
  200  15:22  Starport  
  200  15:24  Starport  
  198  15:38  Barracks Reactor x2  
  198  15:39  Barracks Reactor  
  198  15:49  Planetary Fortress  
  198  15:58  Command Center  
  198  15:59  Command Center x2  
  198  16:00  Refinery  
  198  16:02  Refinery  
  196  16:09  Starport Tech Lab, Raven x2, Starport Reactor  
  196  16:10  Siege Tank  
  199  16:18  Marine  
  199  16:20  Marine  
  199  16:22  Marine x5  
  199  16:23  Marine, Siege Tank  
  199  16:24  Marine  
  199  16:25  Marine x3  
  170  16:33  Viking, Raven  
  170  16:34  Viking  
  170  16:36  Marine  
  170  16:38  Marine  
  170  16:39  Marine x2  
  171  16:40  Marine x4  
  171  16:42  Marine x2, Siege Tank  
  171  16:43  Marine x2  
  164  16:54  Marine  
  162  16:56  Marine, Siege Tank  
  162  16:57  Marine x2  
  162  16:58  Marine x4  
  162  17:00  Marine x4  
  173  17:12  Marine  
  173  17:14  Siege Tank  
  173  17:15  Marine  
  176  17:16  Marine x2  
  176  17:17  Marine x2  
  176  17:19  Marine x2  
  176  17:20  Marine  
  176  17:21  Marine x2  
  176  17:22  Marine  
  186  17:28  Siege Tank  
  186  17:29  Marine  
  183  17:33  Marine  
  183  17:34  Marine x3  
  188  17:40  Marine x2  
  188  17:41  Marine x4  
  190  17:45  Orbital Command  
  190  17:47  Marine  
  185  17:56  Marine x2  
  185  17:57  Raven  
  185  17:58  Marine x2  
  181  18:02  Marine x2  
  181  18:04  Marine x2  
  181  18:07  Marine  
  181  18:08  SCV  
  181  18:10  Marine  
  180  18:23  Marine x2  
Show
View Real Time Build Order
Export as new Build Order

SpeCial Terran 

Build Orders:  

Get SALT Encoding   

  12  0:00  SCV  
  13  0:12  SCV  
  14  0:17  Supply Depot  
  14  0:24  SCV  
  15  0:38  SCV  
  15  0:40  Barracks  
  15  0:42  Refinery  
  16  0:50  SCV  
  16  0:52  Refinery  
  17  1:02  SCV  
  18  1:15  SCV  
  19  1:27  Reaper, Orbital Command  
  19  1:31  Supply Depot  
  20  1:41  Factory  
  20  1:52  SCV  
  21  1:59  Reaper  
  22  2:05  SCV  
  23  2:17  SCV  
  23  2:22  Command Center  
  24  2:28  Hellion  
  26  2:30  SCV  
  26  2:33  Reaper  
  28  2:40  Supply Depot  
  28  2:43  SCV  
  29  2:49  Hellion  
  31  3:02  SCV  
  31  3:03  Starport  
  32  3:07  Barracks Tech Lab  
  32  3:12  Factory Tech Lab  
  32  3:14  SCV  
  33  3:21  Refinery  
  33  3:26  SCV  
  34  3:30  Cyclone  
  37  3:35  Orbital Command  
  37  3:38  SCV  
  38  3:45  Raven  
  40  3:50  SCV  
  41  3:59  Command Center  
  42  4:02  SCV  
  42  4:03  SCV  
  41  4:14  SCV  
  41  4:16  SCV  
  42  4:21  Cyclone  
  44  4:24  Marine  
  44  4:27  SCV  
  44  4:30  Supply Depot, Raven  
  48  4:33  SCV  
  49  4:39  SCV  
  49  4:43  Barracks Reactor  
  49  4:45  SCV, Refinery  
  50  4:51  SCV  
  52  4:53  Siege Tank  
  52  4:57  SCV  
  56  5:03  Supply Depot, SCV  
  57  5:10  SCV  
  57  5:11  Orbital Command  
  58  5:14  Raven  
  58  5:15  SCV  
  58  5:19  Engineering Bay  
  58  5:20  Marine x2  
  63  5:22  SCV  
  63  5:27  SCV  
  65  5:32  Orbital Command  
  65  5:33  Siege Tank  
  65  5:34  SCV  
  67  5:39  SCV  
  68  5:45  Supply Depot  
  68  5:46  SCV  
  69  5:51  SCV  
  70  5:58  SCV  
  70  5:59  Factory  
  70  6:03  SCV  
  72  6:04  Barracks Tech Lab  
  72  6:06  SCV  
  72  6:10  SCV  
  74  6:11  Supply Depot  
  74  6:13  Missile Turret, Siege Tank  
  74  6:14  Missile Turret, Viking x2  
  74  6:15  SCV  
  81  6:18  SCV  
  81  6:22  SCV  
  80  6:28  SCV  
  80  6:30  SCV  
  80  6:31  Refinery x2  
  79  6:34  SCV  
  77  6:40  SCV  
  77  6:43  SCV  
  77  6:44  Viking  
  77  6:46  SCV, Barracks Tech Lab  
  79  6:52  SCV  
  80  6:55  SCV, Engineering Bay, Siege Tank  
  80  6:58  SCV  
  85  7:04  SCV, Viking  
  85  7:07  SCV  
  84  7:08  Siege Tank  
  84  7:11  SCV  
  84  7:14  Sensor Tower  
  88  7:16  SCV, Marine, Stimpack  
  88  7:19  SCV  
  91  7:23  SCV  
  91  7:27  Barracks  
  91  7:28  Barracks, SCV, Terran Infantry Weapons Level 1, Terran Infantry Armor Level 1  
  93  7:31  SCV  
  93  7:35  SCV  
  95  7:39  Siege Tank  
  95  7:40  SCV  
  95  7:42  Supply Depot, Marine  
  95  7:43  SCV  
  101  7:47  Barracks  
  101  7:49  Barracks  
  101  7:53  Supply Depot, SCV x2  
  101  7:55  SCV  
  103  8:03  Marine  
  103  8:04  Siege Tank  
  103  8:05  SCV x2  
  109  8:07  Viking x2  
  109  8:09  SCV  
  114  8:15  Supply Depot  
  114  8:16  Barracks Reactor  
  114  8:17  Barracks Reactor, SCV  
  112  8:24  SCV  
  112  8:25  Siege Tank  
  112  8:27  SCV  
  105  8:29  SCV, Marine  
  105  8:33  Armory  
  107  8:36  SCV  
  107  8:40  Barracks Reactor x2  
  108  8:45  Medivac x2  
  108  8:47  Marine, Command Center  
  108  8:48  SCV  
  114  8:49  Supply Depot  
  114  8:52  Supply Depot  
  114  8:54  Supply Depot, Marine x3  
  117  8:55  Marine, Combat Shield  
  117  9:04  Marine  
  117  9:07  Command Center  
  118  9:12  Marine x3, Siege Tank  
  118  9:13  Marine  
  118  9:14  Siege Tank  
  118  9:16  Supply Depot, Marine x2  
  129  9:18  Marine  
  129  9:20  Medivac  
  129  9:21  Medivac  
  129  9:22  Marine  
  135  9:29  Supply Depot, Marine x3  
  135  9:30  Marine  
  135  9:31  Supply Depot, Marine  
  139  9:34  Marine  
  139  9:37  Terran Infantry Weapons Level 2  
  139  9:38  Marine x2  
  143  9:39  Terran Infantry Armor Level 2  
  143  9:40  Marine  
  143  9:47  Marine x3  
  143  9:48  Marine  
  143  9:49  Marine  
  143  9:52  Marine  
  149  9:56  Marine x2  
  149  9:58  Marine  
  146  10:04  Siege Tank  
  146  10:05  Marine x3  
  146  10:06  Marine, Medivac x2  
  146  10:07  Marine  
  157  10:10  Marine  
  157  10:13  Marine x2  
  160  10:16  Supply Depot, Terran Vehicle Weapons Level 1, Marine  
  161  10:22  SCV  
  161  10:23  SCV x2, Marine x4  
  161  10:24  Marine  
  161  10:28  Marine  
  169  10:31  Marine x2, Siege Tank  
  169  10:33  Marine  
  169  10:35  Supply Depot  
  169  10:36  Siege Tank  
  169  10:41  Marine x4  
  169  10:42  Marine  
  162  10:45  Marine  
  162  10:49  Marine x2  
  164  10:51  Marine  
  164  10:53  Liberator  
  164  10:54  Liberator  
  162  10:58  Marine  
  162  10:59  Marine x3  
  162  11:00  Marine  
  162  11:03  Marine, Siege Tank  
  171  11:07  Marine x2  
  171  11:08  Siege Tank  
  171  11:09  Marine  
  174  11:16  Marine x3  
  174  11:17  Marine  
  174  11:18  Marine  
  151  11:21  Marine  
  151  11:25  Marine x2  
  147  11:27  Marine  
  148  11:34  Marine x3  
  148  11:35  Marine, Siege Tank  
  148  11:36  Marine  
  148  11:39  Marine  
  157  11:41  Siege Tank  
  157  11:42  Marine x2  
  157  11:45  Marine  
  162  11:52  Marine x4  
  162  11:53  Marine  
  158  11:57  Marine  
  158  11:58  Medivac x2  
  158  12:00  Marine x2  
  162  12:02  Marine  
  162  12:07  Siege Tank  
  156  12:10  Marine x4  
  156  12:11  Marine  
  156  12:14  Marine  
  147  12:18  Marine x2  
  147  12:20  Marine  
  129  12:27  Marine  
  129  12:28  Marine x3  
  129  12:29  Marine  
  122  12:32  Marine  
  122  12:36  Marine x2  
  124  12:38  Marine  
  109  12:44  Siege Tank  
  109  12:45  Marine x3  
  109  12:46  Marine  
  109  12:47  Marine  
  109  12:50  Marine  
  102  12:54  Marine x2  
  102  12:56  Marine  
  105  13:00  SCV x3  
  105  13:03  Marine x3  
  105  13:04  Marine  
  105  13:05  Marine  
  113  13:08  Marine  
  113  13:10  Orbital Command  
  113  13:12  SCV, Marine x2  
  117  13:14  Marine  
  117  13:19  Sensor Tower  
  118  13:21  Marine x3  
  118  13:22  Marine  
  118  13:23  Marine  
  118  13:24  SCV  
  118  13:26  Marine  
  125  13:29  Terran Infantry Weapons Level 3  
  125  13:30  SCV  
  125  13:32  Marine  
  127  13:35  Marine  
  123  13:43  Siege Tank x2  
  123  13:44  SCV x2  
  123  13:46  SCV x2, Marine  
  133  13:52  Marine x2  
  133  13:54  Marine x3  
  133  13:55  Medivac  
  140  13:56  SCV  
  140  13:57  Medivac  
  143  14:04  Marine  
  143  14:05  Terran Infantry Armor Level 3  
  142  14:13  Marine x2  
  142  14:14  Marine x2  
  142  14:15  Siege Tank x2  
  152  14:18  Marine x2  
  152  14:19  Marine x2  
  152  14:22  Marine  
  155  14:28  Medivac x2  
  155  14:30  Marine x2  
  152  14:32  Marine  
  152  14:35  Marine  
  152  14:36  Marine x2  
  152  14:38  Marine  
  157  14:39  Marine  
  157  14:40  Marine  
  157  14:46  Sensor Tower  
  157  14:47  Siege Tank x2  
  157  14:48  Marine x2  
  157  14:50  Marine  
  166  14:53  Marine  
  166  14:54  Marine x2  
  166  14:56  Marine  
  166  14:57  Marine x2  
  166  14:58  Medivac x2  
  176  15:04  SCV x2  
  176  15:06  Marine x2  
  180  15:08  Marine  
  180  15:11  Marine  
  180  15:12  Marine x2  
  180  15:13  Marine  
  184  15:15  Marine x2  
  184  15:19  Siege Tank  
  187  15:24  Marine  
  188  15:29  Supply Depot  
  188  15:34  Marine x3  
  188  15:35  Marine x3  
  188  15:37  Marine x2  
  188  15:42  Marine  
  188  15:44  Medivac, Siege Tank  
  187  15:50  Medivac  
  187  15:51  Marine  
  187  15:52  Marine x2  
  187  15:53  Marine x3  
  187  15:55  Marine  
  196  16:05  Marine  
  196  16:06  Marine  
  196  16:08  Siege Tank  
  196  16:09  Marine  
  196  16:10  Marine  
  196  16:19  Marine x2  
  196  16:20  Marine x3, Siege Tank  
  196  16:23  Marine  
  196  16:24  Marine  
  182  16:27  Marine  
  182  16:28  Marine  
  184  16:37  Marine x5  
  180  16:40  Siege Tank  
  180  16:41  Marine  
  180  16:42  Medivac x2  
  180  16:43  Marine  
  180  16:45  Marine  
  169  16:47  Marine, Orbital Command  
  159  16:55  Marine x4, Siege Tank  
  159  16:56  Marine  
  159  16:59  Marine  
  165  17:01  Marine  
  165  17:03  Marine  
  165  17:05  Marine  
  168  17:12  Marine x2  
  168  17:13  Marine x2, Siege Tank  
  168  17:14  Marine  
  176  17:17  Marine  
  176  17:19  Marine  
  176  17:20  Marine  
  179  17:23  Marine  
  179  17:28  Siege Tank  
  183  17:30  Marine x2  
  183  17:31  Marine  
  183  17:34  Marine  
  183  17:35  Marine  
  188  17:39  Marine  
  188  17:43  Marine x3  
  188  17:45  Siege Tank  
  188  17:48  Marine x2  
  188  17:49  Marine  
  192  17:53  Marine x2  
  153  18:00  Siege Tank  
  153  18:01  Marine x2  
  153  18:02  Marine x2  
  146  18:06  Marine x2  
  146  18:07  Marine  
  146  18:11  Marine x2  
  151  18:19  Marine x4  

Tags
 
Add a new tag
Caveats
  • Supply blocks, unpowered buildings, or Contaminate may cause inaccurate times.
  • Supply counts are checked every 10 seconds.